 Dungeon Crawl Stone Soup version 0.31-a0-507-gbafd7f5274 (webtiles) character file.

Game seed: 2166357310341691251

10915 jlumianski the Chopper (level 12, -5/85 HPs)
             Began as a Djinni Fire Elementalist on Aug 9, 2023.
             Was a Believer of Makhleb.
             Slain by a tengu warrior
             ... wielding a +2 battleaxe of freezing
              (9 damage)
             ... on level 8 of the Dungeon.
             The game lasted 00:55:37 (8784 turns).

jlumianski the Chopper (Djinni Fire Elementalist)   Turns: 8784, Time: 00:55:41

Health: -5/85      AC:  8    Str: 10    XL:     12   Next: 1%
Gold:   256        EV: 14    Int: 26    God:    Makhleb [**....] SH:  5 Dex: 18

rFire   + + .        t - +10 hand axe of Musuef {spect, rElec Str+3 Int+4 Dex+4}
rCold   x . .        (no shield)
rNeg    + . .        a - +0 robe
rPois   ∞            r - +2 helmet
rElec   +            q - scarf {+Inv}
rCorr   .            E - +2 pair of gloves
SInv    .            (boots unavailable)
Will    +....        R - amulet of reflection
Stlth   ++++         x - ring of positive energy
HPRegen 0.34/turn    V - ring of wizardry
MPRegen 0.00/turn

%: reflection, wizardry (x1), infuse magic (-6 HP)
@: flying
A: sickness immunity, fire resistance 2, cold vulnerability 1, float, innate
caster, HP casting, extra vitality 1
a: Renounce Religion, Evoke Invisibility, Minor Destruction


You were on level 8 of the Dungeon.
You worshipped Makhleb.
Makhleb was pleased with you.
You visited 2 branches of the dungeon, and saw 11 of its levels.
You also visited: Sewer and Bailey.

You collected 509 gold pieces.
You spent 253 gold pieces at shops.

Inventory:

Hand Weapons
 b - a +0 dagger
 k - a +1 dagger of speed
 t - the +10 hand axe of Musuef (weapon) {spect, rElec Str+3 Int+4 Dex+4}
   (You found it on level 3 of the Dungeon)

   Str+3:     It affects your strength (+3).
   Int+4:     It affects your intelligence (+4).
   Dex+4:     It affects your dexterity (+4).
   rElec:     It insulates you from electricity.
 D - a +4 dire flail of holy wrath
 G - a +4 quarterstaff of chaos
 N - a +6 battleaxe
 Q - a +4 scimitar of flaming
Missiles
 c - a throwing net
 f - 2 darts of dispersal
 s - 49 poisoned darts
 J - 13 boomerangs
 U - a curare-tipped dart
Armour
 a - a +0 robe (worn)
 q - a scarf of invisibility (worn)
 r - a +2 helmet (worn)
 z - the +2 robe of Grace {rPois Str-4 SInv}
   (You took it off an orc on level 5 of the Dungeon)

   Str-4:     It affects your strength (-4).
   rPois:     It protects you from poison SInv: It lets you see invisible.
 E - a +2 pair of gloves (worn)
 H - a +0 cloak
Magical Staves
 h - a staff of cold
 B - a staff of conjuration
Jewellery
 x - a ring of positive energy (left hand)
 C - an amulet of the acrobat
 R - an amulet of reflection (around neck)
 T - a ring of flight
 V - a ring of wizardry (right hand)
 W - a ring of resist corrosion
Wands
 I - a wand of charming (6)
Scrolls
 g - a scroll of fog
 i - 3 scrolls of blinking
 n - 5 scrolls of poison
 o - 4 scrolls of teleportation
 y - 2 scrolls of fear
 K - 2 scrolls of enchant weapon
 L - a scroll of enchant armour
 X - a scroll of revelation
Potions
 d - 3 potions of degeneration
 e - 2 potions of invisibility
 j - a potion of attraction {unknown}
 l - a potion of ambrosia
 m - a potion of resistance
 p - a potion of enlightenment
 u - 2 potions of lignification
 v - a potion of brilliance
 w - a potion of might
 A - 2 potions of cancellation
 F - a potion of mutation
 M - 3 potions of heal wounds
 O - a potion of berserk rage
 P - a potion of haste {unknown}
 S - a potion of magic {unknown}


   Skills:
 * Level 7.3 Fighting
 - Level 1.3 Short Blades
 * Level 7.4 Axes
 + Level 4.3 Dodging
 + Level 7.3 Stealth
 * Level 5.8 Spellcasting
 * Level 5.8 Conjurations
 * Level 5.8 Hexes
 * Level 5.8 Summonings
 * Level 5.8 Necromancy
 * Level 5.8 Translocations
 * Level 5.8 Transmutations
 * Level 5.8 Fire Magic
 * Level 5.8 Ice Magic
 * Level 5.8 Air Magic
 * Level 5.8 Earth Magic
 * Level 5.8 Poison Magic
 * Level 6.0 Invocations
 * Level 7.2 Evocations


You knew the following spells:

 Your Spells              Type           Power      Damage    Failure   Level
a - Foxfire               Conj/Fire      100%       2x1d9     1%          1
b - Scorch                Fire           74%        2d8       1%          2
c - Volatile Blastmotes   Fire/Tloc      74%        2d16      1%          3
d - Inner Flame           Hex/Fire       37%        N/A       1%          3
e - Flame Wave            Conj/Fire      37%        2d10      2%          4
f - Magic Dart            Conj           100%       1d8       1%          1
g - Ensorcelled Hibernat  Hex/Ice        74%        N/A       1%          2
h - Lesser Beckoning      Tloc           74%        N/A       1%          2
i - Summon Ice Beast      Ice/Summ       37%        N/A       2%          4
j - Animate Armour        Summ/Erth      74%        N/A       2%          4
Your spell library was empty.

Dungeon Overview and Level Annotations

Branches:
Dungeon (10/15)            Temple (1/1) D:6            Lair (0/5) D:9
  Sewer (visited)          Bailey (visited)
    Orc: D:9-12

Altars:
Ashenzari
Cheibriados
Dithmenos
Elyvilon
Fedhas
Gozag
Hepliaklqana
Makhleb
Nemelex Xobeh
Okawaru
Qazlal
Ru
Trog
Uskayaw
Wu Jian
Xom
Yredelemnul
Zin
The Shining One

Shops:
D:2 (   D:7 *


Innate Abilities, Weirdness & Mutations

You are immune to sickness and miasma.
You are immune to poison.
Your flesh is very heat resistant. (rF++)
You are vulnerable to cold. (rC-)
You float through the air rather than walking.
You learn spells naturally, not from books.
Your magical power is your life essence.
You have superior vitality. (+4 MHP)


Message History

Flames lash the tengu warrior but do no damage.
The tengu warrior hits you with a +2 battleaxe of freezing!
The tengu warrior freezes you! The tengu warrior pecks you.
The tengu warrior claws you but does no damage.
Casting: Scorch (safe; 1% risk of failure)
Confirm with . or Enter, or press ? or * to list all spells.
A cloud of volatile blastmotes flares up around you!
The tengu warrior closely misses you. The tengu warrior pecks you.
The tengu warrior closely misses you.
The tengu warrior attacks as you move away!
The tengu warrior hits you with a +2 battleaxe of freezing!
The tengu warrior freezes you.
The tengu warrior pecks you but does no damage.
The tengu warrior claws you.
The cloud of blastmotes explodes!
The concussive blast engulfs the tengu warrior!!
The tengu warrior is heavily wounded.
The concussive blast engulfs you. You resist.
You are knocked back by the blast.
Casting: Volatile Blastmotes (safe; 1% risk of failure)
Confirm with . or Enter, or press ? or * to list all spells.
* * * LOW HITPOINT WARNING * * *
Your animated robe hits the tengu warrior. x2
You swap places.
You block the tengu warrior's attack.
The tengu warrior hits your animated robe with a +2 battleaxe of freezing.
The tengu warrior freezes your animated robe.
The tengu warrior pecks you.
* * * LOW HITPOINT WARNING * * *
The tengu warrior barely misses you.
Your animated robe closely misses the tengu warrior.
Your animated robe hits the tengu warrior.
Your animated robe hits the tengu warrior.
Your animated robe closely misses the tengu warrior.
Casting: Animate Armour (dangerous; 2% risk of failure)
Confirm with . or Enter, or press ? or * to list all spells.
A cloud of volatile blastmotes flares up around you!
* * * LOW HITPOINT WARNING * * *
The tengu warrior hits you with a +2 battleaxe of freezing!
* * * LOW HITPOINT WARNING * * *
The tengu warrior freezes you!
You die...

......# #.# #.############
#####.#####.####...........#
#.>..................###.#
#...#####.####.##.##..##.#
#.......#.##.#.##.###.##.######
#..............................
#.....#.#.##.#[##.###.....#####
#............#Q##.# #......##
#...<.#.#.#..#@##.# #....#..#
#...#.#.#.#..#.##.# ####.##.###
........#.#[####.##.# #.##...#
####.............##.# #.......
#......#.........# #.......
#..####################.......
#...........:.................
##.######..#############......
................ #......


You could see a tengu warrior (ally target) and a friendly animated robe
(summoned).

Vanquished Creatures
  An orc warlord (Bailey)
  Erica (D:8)
  An orc knight (Bailey)
  Prince Ribbit (D:8)
  A wraith (D:9)
  2 wyverns
  A steam dragon (D:8)
  Edmund (D:6)
  Menkaure (D:7)
  5 water moccasins
  An ice beast (D:5)
  4 orc warriors
  2 sky beasts
  4 ogres
  2 centaurs
  2 phantoms (D:6)
  5 kobold brigands
  6 bullfrogs
  A gnoll sergeant (D:6)
  4 scorpions
  A wight (D:9)
  A killer bee (D:9)
  4 orc priests
  A hound (D:5)
  3 jellies
  2 gnoll boudas
  Crazy Yiuf (D:6)
  2 sleepcaps
  3 iguanas
  6 orc wizards
  Robin (D:2)
  15 gnolls
  9 adders
  A river rat (Sewer)
  A white imp (D:7)
  An ufetubus (D:5)
  A worm (D:2)
  2 dart slugs
  19 orcs
  4 bats
  6 endoplasms
  6 giant cockroaches
  15 goblins
  12 hobgoblins
  8 jackals
  36 kobolds
  8 quokkas
  9 ball pythons
  8 frilled lizards
  14 rats
246 creatures vanquished.

Vanquished Creatures (collateral kills)
  An orc (Bailey)
  A kobold (D:8)
2 creatures vanquished.

Vanquished Creatures (others)
  A centaur (D:6)
  An orc wizard (D:7)
  161 foxfires
163 creatures vanquished.

Grand Total: 411 creatures vanquished

Notes
Turn   | Place    | Note
-------+----------+-------------------------------------------
     0 | D:1      | jlumianski the Djinni Fire Elementalist began the quest for
                  | the Orb.
     0 | D:1      | jlumianski set off with the following spells memorised:
                  | Foxfire, Scorch, Volatile Blastmotes, Inner Flame, Flame
                  | Wave.
     0 | D:1      | Reached XP level 1. HP: 15/15 MP: 0/0
    76 | D:1      | Reached XP level 2. HP: 20/21 MP: 0/0
   321 | D:1      | Found a faded altar of an unknown god.
   509 | D:1      | Reached XP level 3. HP: 23/26 MP: 0/0
   509 | D:1      | Learned a level 1 spell: Magic Dart
   894 | D:2      | Reached XP level 4. HP: 31/31 MP: 0/0
   920 | D:2      | Reached skill level 1 in Fighting
  1290 | D:2      | Noticed Robin
  1369 | D:1      | Reached skill level 1 in Short Blades
  1505 | D:2      | Killed Robin
  1617 | D:3      | Identified the +10 hand axe of Musuef {spect, rElec Str+3
                  | Int+4 Dex+4}
  1650 | D:5      | Entered Level 5 of the Dungeon
  1685 | D:4      | Noticed a scorpion
  1693 | D:4      | Killed a scorpion
  1694 | D:4      | Reached XP level 5. HP: 36/38 MP: 0/0
  1694 | D:4      | Learned a level 2 spell: Ensorcelled Hibernation
  1738 | D:4      | Found a glowing drain.
  1750 | Sewer    | Entered a sewer
  1761 | Sewer    | Reached skill level 1 in Evocations
  1889 | Sewer    | Reached skill level 1 in Axes
  1889 | Sewer    | Reached XP level 6. HP: 43/43 MP: 0/0
  2318 | D:2      | Found Ohisat's Weapon Boutique.
  3441 | D:4      | Reached XP level 7. HP: 43/49 MP: 0/0
  3441 | D:4      | Learned a level 2 spell: Lesser Beckoning
  4031 | D:5      | Identified the +2 robe of Grace {rPois Str-4 SInv}
  4087 | D:6      | Noticed Edmund
  4118 | D:5      | Reached XP level 8. HP: 45/56 MP: 0/0
  4376 | D:6      | Found a hide-covered altar of Uskayaw.
  4403 | D:6      | Found a sparkling altar of Nemelex Xobeh.
  4455 | D:6      | Killed Edmund
  4881 | D:6      | Found a white marble altar of Elyvilon.
  4886 | D:6      | Found a shadowy altar of Dithmenos.
  4953 | D:6      | Reached XP level 9. HP: 60/62 MP: 0/0
  4953 | D:6      | Learned a level 4 spell: Summon Ice Beast
  4967 | D:6      | Found a staircase to the Ecumenical Temple.
  4978 | Temple   | Entered the Ecumenical Temple
  4978 | Temple   | Noticed a cacodemon
  4978 | Temple   | Noticed an Ice Fiend
  4978 | Temple   | Noticed a shadow demon
  4979 | Temple   | Noticed Wolafuz the pandemonium lord
  4979 | Temple   | Noticed a blizzard demon
  4979 | Temple   | Noticed Cassaek the pandemonium lord
  4979 | Temple   | Noticed an Executioner
  5007 | Temple   | Noticed Papnixt the pandemonium lord
  5007 | Temple   | Noticed Dechuhub the pandemonium lord
  5008 | Temple   | Noticed a blizzard demon
  5025 | Temple   | Became a worshipper of Makhleb the Destroyer
  5467 | D:6      | Reached skill level 1 in Invocations
  5571 | D:6      | Reached skill level 5 in Stealth
  5614 | D:7      | Reached * piety under Makhleb
  5915 | D:6      | Found a runed translucent door.
  5915 | D:6      | Noticed Crazy Yiuf
  5994 | D:6      | Killed Crazy Yiuf
  6147 | D:9      | Found a flagged portal.
  6155 | D:9      | Reached skill level 5 in Axes
  6178 | Bailey   | Entered a bailey
  6249 | Bailey   | Noticed an orc warlord
  6318 | Bailey   | Found a runed translucent gate.
  6321 | Bailey   | Found a runed translucent gate.
  6324 | Bailey   | Found a runed translucent gate.
  6326 | Bailey   | Noticed an orc knight
  6332 | Bailey   | Reached XP level 10. HP: 55/69 MP: 0/0
  6533 | Bailey   | Killed an orc knight
  6534 | Bailey   | Reached skill level 5 in Fighting
  6534 | Bailey   | Reached skill level 5 in Evocations
  6964 | Bailey   | Killed an orc warlord
  7126 | Bailey   | Reached skill level 5 in Spellcasting
  7126 | Bailey   | Reached skill level 5 in Conjurations
  7126 | Bailey   | Reached skill level 5 in Hexes
  7126 | Bailey   | Reached skill level 5 in Summonings
  7126 | Bailey   | Reached skill level 5 in Necromancy
  7126 | Bailey   | Reached skill level 5 in Translocations
  7126 | Bailey   | Reached skill level 5 in Transmutations
  7126 | Bailey   | Reached skill level 5 in Fire Magic
  7126 | Bailey   | Reached skill level 5 in Ice Magic
  7126 | Bailey   | Reached skill level 5 in Air Magic
  7126 | Bailey   | Reached skill level 5 in Earth Magic
  7126 | Bailey   | Reached skill level 5 in Poison Magic
  7126 | Bailey   | Reached skill level 5 in Invocations
  7126 | Bailey   | Reached XP level 11. HP: 79/79 MP: 0/0
  7126 | Bailey   | Learned a level 4 spell: Animate Armour
  7162 | D:9      | Reached ** piety under Makhleb
  7175 | D:9      | Found a staircase to the Lair.
  7281 | D:10     | Entered Level 10 of the Dungeon
  7381 | D:8      | Noticed Erica
  7390 | D:8      | Killed Erica
  7625 | D:7      | Noticed Menkaure
  7633 | D:7      | Killed Menkaure
  7882 | D:7      | Found Yxkionk's Assorted Antiques.
  7890 | D:7      | Bought a scroll of identify for 46 gold pieces
  7890 | D:7      | Bought a scroll of identify for 46 gold pieces
  7890 | D:7      | Bought a scroll of identify for 46 gold pieces
  7890 | D:7      | Bought a glowing tourmaline ring for 115 gold pieces
  7909 | D:7      | Found a stormy altar of Qazlal.
  8739 | D:8      | Noticed Prince Ribbit
  8745 | D:8      | Killed Prince Ribbit
  8746 | D:8      | Reached XP level 12. HP: 85/85 MP: 0/0
  8768 | D:8      | Noticed a tengu warrior
  8784 | D:8      | HP: 4/85 [tengu warrior/+2 battleaxe of freezing (15)]
  8784 | D:8      | Slain by a tengu warrior

Illustrated notes

Levels and vault maps discovered:
D:1:      eino_arrival_druids_welcome, layout_loops_ring,
          shapermc_ecumenical_altar_flowoftime
D:2:      layout_basic, serial_shops, shop_fountains, roderic_lattice_a,
          uniq_robin
D:3:      layout_rooms
D:4:      layout_basic, portal_sewer_entry_f
D:5:      layout_cave_pools
D:6:      layout_loops_ring, minitemple, minmay_overflow_temple_star_quad,
          minmay_temple_entry_statues_pillars, uniq_edmund,
          uniq_crazy_yiuf_cottage
D:7:      layout_gridville, amcnicky_altar_gilded, serial_shops,
          nicolae_shop_rolling_square, uniq_jeremiah, uniq_menkaure
D:8:      layout_basic, nicolae_figureground_sparkle, uniq_erica,
          uniq_prince_ribbit1
D:9:      layout_rooms, due_lair_maze_entry_diamond, enter_bailey_2
D:10:     layout_loops_cross
Temple:   nicolae_temple_panitentiary

Skill      XL: |  1  2  3  4  5  6  7  8  9 10 11 |
---------------+----------------------------------+-----
Spellcasting   | 4 5 |  5.8
Conjurations   | 4 5 |  5.8
Hexes          | 4 5 |  5.8
Summonings     | 4 5 |  5.8
Necromancy     | 4 5 |  5.8
Translocations | 4 5 |  5.8
Transmutations | 4 5 |  5.8
Fire Magic     | 4 5 |  5.8
Ice Magic      | 4 5 |  5.8
Air Magic      | 4 5 |  5.8
Earth Magic    | 4 5 |  5.8
Poison Magic   | 4 5 |  5.8
Stealth        | 2 3 4 5 7 |  7.3
Fighting       | 1 2 3 4 7 |  7.3
Dodging        | 3 4 |  4.3
Short Blades   | 1 |  1.3
Evocations     | 1 2 3 4 6 7 |  7.2
Axes           | 1 2 4 5 6 7 |  7.4
Invocations    | 2 5 6 |  6.0

Action                     |  1- 3 |  4- 6 |  7- 9 | 10-12 || total
---------------------------+-------+-------+-------+-------++-------
  Melee: Dagger            |    19 |    25 |       |       ||    44
         Hand axe          |       |    58 |   101 |    90 ||   249
         Punch             |       |     1 |     1 |     3 ||     5
   Cast: Foxfire           |    20 |    37 |    22 |    16 ||    95
         Scorch            |     1 |    11 |    22 |    19 ||    53
         Volatile Blastmot |       |     1 |    11 |    10 ||    22
         Ensorcelled Hiber |       |       |     2 |     1 ||     3
         Lesser Beckoning  |       |       |     4 |       ||     4
         Inner Flame       |       |       |       |     4 ||     4
         Summon Ice Beast  |       |       |       |     3 ||     3
         Animate Armour    |       |       |       |     3 ||     3
    Use: Scroll            |       |    12 |     4 |     7 ||    23
         Potion            |       |     3 |     6 |     4 ||    13
   Stab: Sleeping          |     5 |     7 |     1 |     4 ||    17
         Distracted        |       |       |       |     3 ||     3
 Armour: Robe              |     5 |    19 |    27 |    16 ||    67
  Dodge: Dodged            |    13 |    53 |    82 |    59 ||   207
  Block: Other             |       |       |       |     9 ||     9

Table legend: (Time is in decaauts)
 A = Elapsed time spent in this place.
 B = Non-inter-level travel time spent in this place.
 C = Inter-level travel time spent in this place.
 D = Time resting spent in this place.
 E = Time spent auto-exploring this place.
 F = Levels seen in this place.
 G = Mean time per level.
                   A        B        C        D        E       F      G
               +--------+--------+--------+--------+--------+-----+--------+
         Total |   8823 |   8599 |    224 |   1239 |   4224 |  13 |  678.7 |
       Dungeon |   7408 |   7184 |    224 |    892 |   4000 |  10 |  740.8 |
        Temple |     68 |     68 |      0 |      0 |      0 |   1 |   68.0 |
         Sewer |    381 |    381 |      0 |      0 |    115 |   1 |  381.0 |
        Bailey |    964 |    964 |      0 |    347 |    109 |   1 |  964.0 |
               +--------+--------+--------+--------+--------+-----+--------+

Top non-repeatable levels by time:
     D:6: 1471 daAuts
     D:2: 1285 daAuts
     D:7: 1075 daAuts
     D:1: 973 daAuts
  Bailey: 964 daAuts
     D:4: 837 daAuts
     D:5: 562 daAuts
     D:3: 499 daAuts
     D:8: 465 daAuts
   Sewer: 381 daAuts
     D:9: 233 daAuts
  Temple: 68 daAuts
    D:10: 3 daAuts
